SAAA
SCRANTON SUPERNOVAS @ ROYSE CITY TARGARYENS
07/13/2032
 
TOP OF THE 1ST
Scranton Supernovas batting - Pitching for Royse City Targaryens : RHP Júlio Martínez
Pitching: RHP Júlio Martínez
Batting: RHB Senior Pond 0-0: Ball
1-0: Called Strike
1-1: Ball
2-1: Fly out, F8 (Flyball, 8LXD)
Batting: SHB Carlos Sánchez 0-0: Fly out, F8 (Flyball, 8LD)
Batting: LHB Chase Popoff 0-0: Called Strike
0-1: Foul Ball, location: 2F
0-2: Foul Ball, location: 2F
0-2: Ball
1-2: Foul Ball, location: 2F
1-2: Fly out, F8 (Flyball, 8RD)
Top of the 1st over - 0 runs, 0 hits, 0 errors, 0 left on base; Scranton 0 - Royse City 0
BOTTOM OF THE 1ST
Royse City Targaryens batting - Pitching for Scranton Supernovas : RHP Lincoln Spooner
Pitching: RHP Lincoln Spooner
Batting: LHB Chris Fitzgerald 0-0: Called Strike
0-1: Ball
1-1: Ball
2-1: Foul Ball, location: 2F
2-2: Ground out 4-3 (Groundball, 4)
Batting: LHB Jayden Laming 0-0: Ball
1-0: Called Strike
1-1: Foul Ball, location: 2F
1-2: Ball
2-2: SINGLE (Groundball, 4S) (infield hit)
Batting: RHB Cristo Cuervo 0-0: Ball
1-0: Ball
Wild Pitch!
Jayden Laming to second
2-0: Fly out, F3 (Popup, 34S)
Batting: LHB Joe Karnowski 0-0: Called Strike
0-1: Ball
1-1: SINGLE (Groundball, 3D)
Jayden Laming to third
Runner from 3rd tries for Home, SAFE, no throw
Batting: RHB Manuel Ramos 0-0: Ball
1-0: Called Strike
1-1: Foul Ball, location: 2F
1-2: Fly out, F8 (Flyball, 8RD)
Bottom of the 1st over - 1 run, 2 hits, 0 errors, 1 left on base; Scranton 0 - Royse City 1
TOP OF THE 2ND
Scranton Supernovas batting - Pitching for Royse City Targaryens : RHP Júlio Martínez
Batting: RHB Felipe Bruno 0-0: Called Strike
0-1: Called Strike
0-2: Ball
1-2: Ball
2-2: Ball
3-2: Foul Ball, location: 2F
3-2: SINGLE (Flyball, 7LS)
Batting: RHB José Rodríguez 0-0: Ball
1-0: Foul Ball, location: 2F
1-1: Fly out, F2 (Popup, 25F)
Batting: LHB Juan Montés 0-0: Ball
1-0: Grounds into double play, 6-4-3 (Groundball, 6)
Top of the 2nd over - 0 runs, 1 hit, 0 errors, 0 left on base; Scranton 0 - Royse City 1
BOTTOM OF THE 2ND
Royse City Targaryens batting - Pitching for Scranton Supernovas : RHP Lincoln Spooner
Batting: RHB Breanainn Swartwood 0-0: Ball
1-0: Ball
2-0: Called Strike
2-1: Ball
3-1: Ground out 6-3 (Groundball, 6)
Batting: LHB Fernando Ramírez 0-0: Swinging Strike
0-1: Foul Ball, location: 2F
0-2: Ball
1-2: Foul Ball, location: 2F
1-2: Ground out U3 (Groundball, 3)
Batting: RHB José García 0-0: Foul Ball, location: 2F
0-1: Ball
1-1: DOUBLE (Line Drive, 78D)
Batting: LHB Santiago Miranda 0-0: Ball
1-0: Ball
2-0: Ball
3-0: Called Strike
3-1: Called Strike
3-2: Foul Ball, location: 2F
3-2: 2-RUN HOME RUN (Line Drive, 78XD), Distance : 409 ft
Batting: LHB Chris Fitzgerald 0-0: Called Strike
0-1: Fly out, F7 (Flyball, 7D)
Bottom of the 2nd over - 2 runs, 2 hits, 0 errors, 0 left on base; Scranton 0 - Royse City 3
TOP OF THE 3RD
Scranton Supernovas batting - Pitching for Royse City Targaryens : RHP Júlio Martínez
Batting: SHB Alonso Solís 0-0: Ball
1-0: Ball
2-0: Ball
3-0: Base on Balls
Batting: RHB Martín Álvarez 0-0: Ball
1-0: Ball
2-0: Fielders Choice at 2nd, 6-4 (Groundball, 6M)
Batting: RHB David Wooderson 0-0: Foul Ball, location: 2F
0-1: Ball
1-1: Ball
2-1: Fly out, F8 (Flyball, 8LD)
Batting: RHB Senior Pond 0-0: Fly out, F5 (Popup, 56S)
Top of the 3rd over - 0 runs, 0 hits, 0 errors, 1 left on base; Scranton 0 - Royse City 3
BOTTOM OF THE 3RD
Royse City Targaryens batting - Pitching for Scranton Supernovas : RHP Lincoln Spooner
Batting: LHB Jayden Laming 0-0: Called Strike
0-1: Ball
1-1: Ball
2-1: Foul Ball, location: 2F
2-2: Foul Ball, location: 2F
2-2: SOLO HOME RUN (Line Drive, 9LD), Distance : 355 ft
Batting: RHB Cristo Cuervo 0-0: Ball
1-0: Called Strike
1-1: Fly out, F3 (Popup, 3S)
Batting: LHB Joe Karnowski 0-0: Called Strike
0-1: Ball
1-1: Ground out 5-3 (Groundball, 56)
Batting: RHB Manuel Ramos 0-0: Ball
1-0: Ground out 3-1 (Groundball, 34)
Bottom of the 3rd over - 1 run, 1 hit, 0 errors, 0 left on base; Scranton 0 - Royse City 4
TOP OF THE 4TH
Scranton Supernovas batting - Pitching for Royse City Targaryens : RHP Júlio Martínez
Batting: SHB Carlos Sánchez 0-0: Ball
1-0: Ground out 4-3 (Groundball, 4)
Batting: LHB Chase Popoff 0-0: Fly out, F8 (Flyball, 78D)
Batting: RHB Felipe Bruno 0-0: TRIPLE (Flyball, 78XD)
Batting: RHB José Rodríguez 0-0: Swinging Strike
0-1: Fly out, F9 (Flyball, 9LDF)
Top of the 4th over - 0 runs, 1 hit, 0 errors, 1 left on base; Scranton 0 - Royse City 4
BOTTOM OF THE 4TH
Royse City Targaryens batting - Pitching for Scranton Supernovas : RHP Lincoln Spooner
Batting: RHB Breanainn Swartwood 0-0: Called Strike
0-1: Foul Ball, location: 2F
0-2: Ball
1-2: Ball
2-2: SINGLE (Line Drive, 4D)
Batting: LHB Fernando Ramírez 0-0: Ball
1-0: Ball
2-0: Swinging Strike
2-1: Foul Ball, location: 2F
2-2: Foul Ball, location: 2F
2-2: Foul Ball, location: 2F
2-2: Fly out, F6 (Popup, 56)
Batting: RHB José García 0-0: Ground out 5-3 (Groundball, 5S)
Breanainn Swartwood to second
Batting: LHB Santiago Miranda 0-0: Ball
1-0: SINGLE (Groundball, 34D)
Breanainn Swartwood to third
Runner from 3rd tries for Home, SAFE, no throw
Batting: LHB Chris Fitzgerald 0-0: Ball
1-0: Ball
2-0: Foul Ball, location: 2F
2-1: SINGLE (Groundball, 6D)
Santiago Miranda to second
Batting: LHB Jayden Laming 0-0: Swinging Strike
0-1: Ball
1-1: Foul Ball, location: 2F
1-2: Ball
2-2: Ball
3-2: Base on Balls
Santiago Miranda to third
Chris Fitzgerald to second
Batting: RHB Cristo Cuervo 0-0: Called Strike
0-1: Foul Ball, location: 2F
0-2: Ball
1-2: Ball
2-2: Foul Ball, location: 2F
2-2: Fly out, F8 (Line Drive, 8LM)
Bottom of the 4th over - 1 run, 3 hits, 0 errors, 3 left on base; Scranton 0 - Royse City 5
TOP OF THE 5TH
Scranton Supernovas batting - Pitching for Royse City Targaryens : RHP Júlio Martínez
Batting: LHB Juan Montés 0-0: Swinging Strike
0-1: Ball
1-1: Fly out, F9 (Flyball, 9S)
Batting: SHB Alonso Solís 0-0: Ball
1-0: Swinging Strike
1-1: Foul Ball, location: 2F
1-2: Foul Ball, location: 2F
1-2: Ball
2-2: Ball
3-2: Foul Ball, location: 2F
3-2: Foul Ball, location: 2F
3-2: Ground out 5-3 (Groundball, 5)
Batting: RHB Martín Álvarez 0-0: Called Strike
0-1: Ball
1-1: Ball
2-1: Called Strike
2-2: Foul Ball, location: 2F
2-2: Ball
3-2: Strikes out looking
Top of the 5th over - 0 runs, 0 hits, 0 errors, 0 left on base; Scranton 0 - Royse City 5
BOTTOM OF THE 5TH
Royse City Targaryens batting - Pitching for Scranton Supernovas : RHP Lincoln Spooner
Batting: LHB Joe Karnowski 0-0: Ball
1-0: Called Strike
1-1: Called Strike
1-2: Strikes out looking
Batting: RHB Manuel Ramos 0-0: Ground out 1-3 (Groundball, 13S)
Batting: RHB Breanainn Swartwood 0-0: Foul Ball, location: 2F
0-1: Ball
1-1: Foul Ball, location: 2F
1-2: Foul Ball, location: 2F
1-2: Fly out, F7 (Flyball, 7D)
Bottom of the 5th over - 0 runs, 0 hits, 0 errors, 0 left on base; Scranton 0 - Royse City 5
TOP OF THE 6TH
Scranton Supernovas batting - Pitching for Royse City Targaryens : RHP Júlio Martínez
Batting: RHB David Wooderson 0-0: Ball
1-0: Ball
2-0: Called Strike
2-1: Ground out 5-3 (Groundball, 56S)
Batting: RHB Senior Pond 0-0: Ball
1-0: Ball
2-0: Ball
3-0: Base on Balls
Batting: SHB Carlos Sánchez 0-0: SINGLE (Groundball, 34D)
Senior Pond to second
Runner from 2nd tries for 3rd, SAFE, no throw
Batting: LHB Chase Popoff 0-0: Ball
1-0: Ball
2-0: Ball
3-0: Called Strike
3-1: Base on Balls
Carlos Sánchez to second
Batting: RHB Felipe Bruno 0-0: Called Strike
0-1: Ball
1-1: Foul Ball, location: 2F
1-2: Ball
2-2: Ball
3-2: Foul Ball, location: 2F
3-2: Foul Ball, location: 2F
3-2: SINGLE (Line Drive, 4D)
Senior Pond scores
Carlos Sánchez to third
Chase Popoff to second
Batting: RHB José Rodríguez 0-0: Ball
1-0: Called Strike
1-1: Grounds into fielders choice 1-2 (Groundball, 13)
Chase Popoff to third
Felipe Bruno to second
Batting: LHB Juan Montés 0-0: Ball
1-0: Ball
2-0: Fielders Choice at 2nd, U4 (Groundball, 4M)
Top of the 6th over - 1 run, 2 hits, 0 errors, 3 left on base; Scranton 1 - Royse City 5
BOTTOM OF THE 6TH
Royse City Targaryens batting - Pitching for Scranton Supernovas : RHP Lincoln Spooner
Batting: LHB Fernando Ramírez 0-0: Called Strike
0-1: SINGLE (Line Drive, 9LS)
Batting: RHB José García 0-0: Bunted foul
0-1: Bunted foul
0-2: Ball
1-2: SINGLE (Groundball, 56D)
Fernando Ramírez to second
Batting: LHB Santiago Miranda 0-0: Called Strike
0-1: Fly out, F4 (Line Drive, 4)
Batting: LHB Chris Fitzgerald 0-0: Swinging Strike
0-1: Ball
1-1: Ball
2-1: Swinging Strike
2-2: Foul Ball, location: 2F
2-2: Foul Ball, location: 2F
2-2: Foul Ball, location: 2F
2-2: Ball
3-2: Base on Balls
Fernando Ramírez to third
José García to second
Batting: LHB Jayden Laming 0-0: Ball
1-0: Swinging Strike
1-1: Fly out, F9 (Flyball, 9D)
Runner from 3rd tags up, SCORES, throw made
Pitching: RHP Luis Zaragoza
Batting: RHB Cristo Cuervo 0-0: Ball
Wild Pitch!
José García to third
Chris Fitzgerald to second
1-0: Ball
2-0: Called Strike
2-1: Fly out, F8 (Flyball, 8LM)
Bottom of the 6th over - 1 run, 2 hits, 0 errors, 2 left on base; Scranton 1 - Royse City 6
TOP OF THE 7TH
Scranton Supernovas batting - Pitching for Royse City Targaryens : RHP Júlio Martínez
Batting: SHB Alonso Solís 0-0: Called Strike
0-1: Swinging Strike
0-2: Ball
1-2: Strikes out swinging
Batting: RHB Martín Álvarez 0-0: Ball
1-0: Called Strike
1-1: Fly out, F8 (Flyball, 8RXD)
Batting: RHB David Wooderson 0-0: Ball
1-0: Ball
2-0: Fly out, F7 (Flyball, 78S)
Top of the 7th over - 0 runs, 0 hits, 0 errors, 0 left on base; Scranton 1 - Royse City 6
BOTTOM OF THE 7TH
Royse City Targaryens batting - Pitching for Scranton Supernovas : RHP José Cabrera
Pitching: RHP José Cabrera
Batting: LHB Joe Karnowski 0-0: SINGLE (Line Drive, 9S)
Batting: RHB Manuel Ramos 0-0: Ball
1-0: Foul Ball, location: 2F
1-1: Foul Ball, location: 2F
1-2: Foul Ball, location: 2F
1-2: Foul Ball, location: 2F
1-2: Ball
2-2: Ball
3-2: SINGLE (Groundball, 4D)
Joe Karnowski to second
Joe Karnowski to third
Batting: RHB Breanainn Swartwood 0-0: Ball
1-0: Swinging Strike
1-1: SINGLE (Line Drive, 8RS)
Joe Karnowski scores
Manuel Ramos to second
Batting: LHB Fernando Ramírez 0-0: Called Strike
0-1: Swinging Strike
0-2: Ball
1-2: Ball
2-2: Foul Ball, location: 2F
2-2: Ball
3-2: Strikes out swinging
Manuel Ramos steals 3rd base
Batter strikes out.
Breanainn Swartwood to second
Batting: RHB José García 0-0: Ball
1-0: SINGLE (Groundball, 6MS) (infield hit)
Manuel Ramos scores
Breanainn Swartwood to third
Batting: LHB Santiago Miranda 0-0: Ball
1-0: Foul Ball, location: 2F
1-1: Called Strike
José García steals 2nd base
1-2: Foul Ball, location: 2F
1-2: Foul Ball, location: 2F
1-2: Ball
2-2: Ground out 5-3 (Groundball, 5L)
Batting: LHB Chris Fitzgerald 0-0: Ball
1-0: Ball
2-0: Foul Ball, location: 2F
2-1: Foul Ball, location: 2F
2-2: Foul Ball, location: 2F
2-2: Foul Ball, location: 2F
2-2: Ground out 6-3 (Groundball, 6)
Bottom of the 7th over - 2 runs, 4 hits, 0 errors, 2 left on base; Scranton 1 - Royse City 8
TOP OF THE 8TH
Scranton Supernovas batting - Pitching for Royse City Targaryens : RHP Júlio Martínez
Batting: RHB Senior Pond 0-0: Ground out 5-3 (Groundball, 56S)
Batting: SHB Carlos Sánchez 0-0: Called Strike
0-1: Foul Ball, location: 2F
0-2: Ball
1-2: Ball
2-2: Ground out 5-3 (Groundball, 56)
Batting: LHB Chase Popoff 0-0: Ball
1-0: Ground out 5-3 (Groundball, 56)
Top of the 8th over - 0 runs, 0 hits, 0 errors, 0 left on base; Scranton 1 - Royse City 8
BOTTOM OF THE 8TH
Royse City Targaryens batting - Pitching for Scranton Supernovas : RHP José Cabrera
Batting: LHB Jayden Laming 0-0: Foul Ball, location: 2F
0-1: Ball
1-1: Ground out U3 (Groundball, 34)
Batting: RHB Cristo Cuervo 0-0: Ground out U3 (Groundball, 3L)
Batting: LHB Joe Karnowski 0-0: Ball
1-0: Ground out 4-3 (Groundball, 4)
Bottom of the 8th over - 0 runs, 0 hits, 0 errors, 0 left on base; Scranton 1 - Royse City 8
TOP OF THE 9TH
Scranton Supernovas batting - Pitching for Royse City Targaryens : RHP Júlio Martínez
Pitching: RHP Pak Dong Hyeon
Batting: RHB Felipe Bruno 0-0: Called Strike
0-1: Called Strike
0-2: Ball
1-2: Ball
2-2: Strikes out swinging
Batting: RHB José Rodríguez 0-0: Foul Ball, location: 2F
0-1: Ball
1-1: Called Strike
1-2: Ground out U3 (Groundball, 34S)
Batting: LHB Juan Montés 0-0: Fly out, F7 (Flyball, 7S)
Top of the 9th over - 0 runs, 0 hits, 0 errors, 0 left on base; Scranton 1 - Royse City 8
Wednesday, September 19th, 2018 - OOTP Baseball 18.8 Build 76